 Dungeon Crawl Stone Soup version 0.20.1-1-g8b1a95d (webtiles) character file.

77 vineage the Twirler (level 4, 0/34 HPs)
             Began as a Demonspawn Gladiator on Aug 3, 2017.
             Slain by Crazy Yiuf
             ... wielding a +4 quarterstaff of chaos
              (4 damage)
             ... on level 2 of the Dungeon.
             The game lasted 00:02:51 (1265 turns).

vineage the Twirler (Demonspawn Gladiator)          Turns: 1265, Time: 00:02:52

Health: 0/34       AC:  4    Str: 16    XL:     4   Next: 14%
Magic:  4/4        EV: 13    Int:  9    God:
Gold:   50         SH:  0    Dex: 14    Spells: 3/3 levels left

rFire    . . .     SeeInvis .   a - +0 quarterstaff
rCold    . . .     Gourm    .   (shield currently unavailable)
rNeg     . . .     Faith    .   b - +0 leather armour
rPois    .         Spirit   .   c - +0 helmet
rElec    .         Reflect  .   (no cloak)
rCorr    .         Harm     .   (no gloves)
MR       .....                  (no boots)
Stlth    +.........             (no amulet)
Regen    0.2/turn               (no ring)
MPRegen  0.1/turn               (no ring)

@: slowed, very slow
A: hooves 1
a: no special abilities


You were on level 2 of the Dungeon.
You were not hungry.

You visited 1 branch of the dungeon, and saw 2 of its levels.

You collected 50 gold pieces.

Inventory:

Hand Weapons
 a - a +0 quarterstaff (weapon)
Missiles
 d - 3 throwing nets (quivered)
Armour
 b - a +0 leather armour (worn)
 c - a +0 helmet (worn)
Scrolls
 e - 2 scrolls of identify {unknown}
 o - a scroll of recharging {unknown}
Potions
 h - a potion of curing {unknown}
 j - a potion of degeneration {unknown}
 k - a potion of might {unknown}
 l - a potion of berserk rage {unknown}
 m - a potion of heal wounds {unknown}
Comestibles
 f - 2 bread rations
 g - 4 royal jellies
 i - 3 meat rations
 n - 5 fruits
 p - a chunk of flesh


   Skills:
 + Level 2.6 Fighting
 + Level 3.9 Staves
 + Level 1.7 Throwing
 + Level 0.3 Armour
 + Level 3.0 Dodging


You had 3 spell levels left.
You didn't know any spells.

Dungeon Overview and Level Annotations

Branches:
Dungeon (2/15)

Altars:
Fedhas

Annotations:
D:2 Crazy Yiuf


Innate Abilities, Weirdness & Mutations

You have large cloven feet.


Message History

Crazy Yiuf shouts!
Found a mace.
Crazy Yiuf twirls on the spot.
There is an open door here.
You closely miss Crazy Yiuf. You kick Crazy Yiuf, but do no damage.
Crazy Yiuf closely misses you.
You sock Crazy Yiuf! You kick Crazy Yiuf, but do no damage.
Crazy Yiuf is heavily wounded.
Crazy Yiuf hits you with a quarterstaff of chaos!
You feel yourself slow down.
You barely miss Crazy Yiuf. Your kick misses Crazy Yiuf.
Crazy Yiuf is heavily wounded.
Crazy Yiuf hits you with a quarterstaff of chaos!
Crazy Yiuf freezes you.
You hit Crazy Yiuf. You kick Crazy Yiuf, but do no damage.
Crazy Yiuf is severely wounded.
Crazy Yiuf hits you with a quarterstaff of chaos!
* * * LOW HITPOINT WARNING * * *
You convulse.
You die...

###.........#.#
........#...#.#
#...#####..####
......###..#
####.......#
##### #
#.......# #)..#
####.####..#
#...#
#....####..#
#.g.#
...........#
#@#
..#######..#
#.## .(## #.##
##.#
...######..#
#.##
.....##....#
##.#
..........##
##.##
..###....##
##...#
...####..##
#....# .#.##
##..## #....#


You could see Crazy Yiuf.

Vanquished Creatures
  2 adders (D:2)
  2 oozes (D:2)
  A worm (D:2)
  A dart slug (D:1)
  A leopard gecko (D:2)
  5 bats
  5 giant cockroaches
  6 goblins
  2 hobgoblins
  2 jackals (D:1)
  6 kobolds
  A quokka (D:2)
  5 frilled lizards (D:1)
  5 rats
44 creatures vanquished.

Notes
Turn   | Place    | Note
-------+----------+-------------------------------------------
     0 | D:1      | vineage the Demonspawn Gladiator began the quest for the Orb.
     0 | D:1      | Reached XP level 1. HP: 16/16 MP: 1/1
   145 | D:1      | Gained mutation: You have large cloven feet. [demonic ancestry]
   145 | D:1      | Reached XP level 2. HP: 19/22 MP: 2/2
   603 | D:1      | Reached XP level 3. HP: 27/28 MP: 3/3
   999 | D:2      | Found a blossoming altar of Fedhas.
  1073 | D:2      | Found a runed door.
  1179 | D:2      | Reached XP level 4. HP: 33/34 MP: 4/4
  1260 | D:2      | Noticed Crazy Yiuf
  1265 | D:2      | Slain by Crazy Yiuf

Skill      XL: |  1  2  3 |
---------------+----------+-----
Staves         | 3 |  3.9
Dodging        | 3 |  3.0
Fighting       | |  2.6
Throwing       | |  1.7
Armour         | |  0.3

Action                   |  1- 3 |  4- 6 || total
-------------------------+-------+-------++-------
Melee: Quarterstaff      |   108 |     8 ||   116
       Kick              |    19 |     4 ||    23
  Eat: Chunk             |       |     1 ||     1
Armor: Leather armour    |    21 |       ||    21
Dodge: Dodged            |    71 |     3 ||    74
